Cogmind - Beta 14 @@@ ROGUE MODE // 2024.11.02 @ 02:16:05 Player: KTG-V3 Result: Destroyed by as-78230 with Assembled Rifle Performance ------------- Evolutions (0) 0 Regions Visited (2) 400 Robots Destroyed (26) 130 Value Destroyed (443) 443 Prototype IDs (0) 0 Alien Tech Used (0) 0 Bonus (0) 0 TOTAL SCORE: 973 Bonus ------- None Cogmind --------- Core Integrity 0/250 Matter 230/300 Energy 44/100 System Corruption 7% Temperature Cool (0) Movement Treading (160) Location -10/Mines Parts ------- > --- POWER (1) -------- (None) > --- PROPULSION (2) --- Light Treads Light Treads > --- UTILITY (2) ------ Improved Heat Sink Large Storage Unit > --- WEAPON (2) ------- Light EM Pulse Cannon Mining Laser > --- INVENTORY (15) --- Ion Engine Ion Engine Light Treads Light Treads Compact Wheel Heat Sink Light EM Pulse Cannon Light EM Pulse Cannon Assault Rifle Light Cannon Light Cannon Light Cannon Grenade Launcher Grenade Launcher Peak State ------------ > --- POWER ------------ Ion Engine > --- PROPULSION ------- Light Treads Light Treads > --- UTILITY ---------- Improved Heat Sink Medium Storage Unit > --- WEAPON ----------- Light EM Pulse Cannon Light EM Pulse Cannon > --- INVENTORY -------- Ion Engine Aluminum Leg Compact Wheel Small Laser Light EM Pulse Cannon Assault Rifle Assault Rifle Light Cannon Grenade Launcher Grenade Launcher [Rating: 12] Favorites ----------- Power Ion Engine Engine Ion Engine Propulsion Light Treads Treads Light Treads Utility Improved Heat Sink Device Improved Heat Sink Storage Small Storage Unit Weapon Light EM Pulse Cannon Energy Gun Small Laser Energy Cannon Light EM Pulse Cannon Ballistic Gun Light Assault Rifle Ballistic Cannon Light Cannon Launcher Grenade Launcher Special Weapon Mining Laser Build | -11 -10 -10 ------- Run | Yrd Mat Min Slots Evolved . | . . . Power . | . . . Propulsion . | . . . Utility . | . . . Weapon . | . . . Parts Attached 30 | 6 19 5 Power 4 | 1 3 . Engine 4 | 1 3 . Core . | . . . Reactor . | . . . Propulsion 3 | 2 1 . Treads 3 | 2 1 . Leg . | . . . Wheel . | . . . Hover . | . . . Flight . | . . . Utility 4 | 1 3 . Device 1 | . 1 . Storage 3 | 1 2 . Processor . | . . . Hackware . | . . . Protection . | . . . Artifact . | . . . Weapon 19 | 2 12 5 Energy Gun 2 | 1 1 . Energy Cannon 4 | . 2 2 Ballistic Gun 2 | 1 1 . Ballistic Cannon 4 | . 4 . Launcher 5 | . 4 1 Special Weapon 2 | . . 2 Impact Weapon . | . . . Slashing Weapon . | . . . Piercing Weapon . | . . . Special Melee Weapon . | . . . Unidentified Prototypes . | . . . Parts Lost 2 | . . 2 Power 1 | . . 1 Propulsion . | . . . Utility . | . . . Weapon 1 | . . 1 Highest Loss Streak 2 | . . 2 To Critical Strikes . | . . . Average Slot Usage (%) 98 | . 98 99 Engine 13 | . 14 13 Treads 27 | . 27 28 Device 13 | . 13 14 Storage 14 | . 14 14 Energy Gun 3 | . 4 . Energy Cannon 14 | . 13 21 Ballistic Gun 6 | . 7 . Ballistic Cannon 2 | . 2 . Special Weapon 1 | . . 6 Peak Build Rating 12 | 6 12 12 Average Rating 10 | 5 10 11 On Entrance 6 | . 6 12 Naked Turns . | . . . Heaviest Build 34 | 10 34 34 Greatest Support 40 | 40 40 40 Greatest Overweight (x) 1 | 1 . . Average Overweight (x) . | . . . Largest Inventory Capacity 15 | 8 15 15 Average Capacity 10 | 7 10 15 Most Carried 15 | 7 15 15 Average Carried 10 | 4 9 14 Final Capacity 15 | 8 15 15 Final Carried 15 | 7 15 14 Class Distribution -------------------- 100% | Mutant Dominant Class ---------------- Mutant | -10/Materials Mutant | -10/Mines Resources | -11 -10 -10 ----------- Run | Yrd Mat Min Matter Collected 591 | 267 324 . Remotely . | . . . Salvage Created 634 | 126 491 17 Parts 50 | 4 43 3 Haulers Intercepted 1 | . 1 . Recyclers Shooed 2 | . 2 . Parts Field Recycled . | . . . Retrieved Matter . | . . . Parts Self-Destructed . | . . . Prevented . | . . . Kills | -11 -10 -10 ------- Run | Yrd Mat Min Combat Hostiles Destroyed 20 | . 17 3 Guns 2 | . 2 . Cannons 3 | . 3 . AOE 15 | . 12 3 Classes Destroyed 7 | 2 5 . Worker 1 | . 1 . Tunneler 1 | 1 . . Hauler 1 | . 1 . Recycler 2 | 1 1 . Watcher 1 | . 1 . Swarmer 12 | . 9 3 Grunt 8 | . 8 . Best Kill Streak 10 | 1 10 3 Combat Bots Only 7 | . 7 3 Max Kills in Single Turn 6 | 1 6 2 Gunslinging . | . . . Exploded 4 | . 4 2 Melee . | . . . Uniques/NPCs Destroyed . | . . . Combat | -11 -10 -10 -------- Run | Yrd Mat Min Hostile Shots Fired 54 | . 45 9 Missed 15 | . 14 1 Damage Taken 829 | . 421 408 Core 262 | . 106 156 Absorbed by Shields . | . . . Regen/Repaired (Parts) 85 | . 85 . Core Remaining (%) 100 | 100 . . Volleys Fired 47 | 7 32 8 Largest 2 | 2 2 2 Hottest 112 | 60 112 112 Shots Fired 81 | 14 57 10 Gun 53 | 14 39 . Cannon 15 | . 11 4 Launcher 10 | . 7 3 Special 3 | . . 3 Kinetic 34 | 7 27 . Thermal 27 | 7 17 3 Explosive 10 | . 7 3 Electromagnetic 10 | . 6 4 Robot Hit Streak 13 | 5 13 1 Robot Miss Streak 5 | 2 5 2 Penetration Max . | . . . Secondary Targets . | . . . Shots Hit Robots 43 | 9 33 1 Core Hits 35 | 3 29 3 Critical Kills . | . . . Critical Parts Destroyed . | . . . Critical Strikes . | . . . Melee Attacks . | . . . Impact . | . . . Slashing . | . . . Piercing . | . . . Sneak Attacks . | . . . Combat Hostiles . | . . . Follow-up Attacks . | . . . Damage Inflicted 1397 | 92 1077 228 Guns 364 | 92 272 . Cannons 146 | . 126 20 Explosions 887 | . 679 208 Melee . | . . . Ramming . | . . . Kinetic 263 | 47 216 . Thermal 158 | 45 113 . Explosive 887 | . 679 208 Electromagnetic 89 | . 69 20 Impact . | . . . Slashing . | . . . Piercing . | . . . Highest Corruption 7 | . . 7 Average Corruption 7 | . . 7 Corruption Purged . | . . . Corruption Blocked . | . . . Overload Shots . | . . . Overflow Damage 18 | . . 18 Projectiles . | . . . Explosions 18 | . . 18 Melee . | . . . Knockbacks 1 | . 1 . Impact . | . . . Kinetic 1 | . 1 . Secondary . | . . . Self-Inflicted Damage 59 | . 59 . Shots 2 | . 2 . Rammed . | . . . Targets Rammed . | . . . Kicked . | . . . Crushed . | . . . Highest Temperature 141 | 40 141 12 Average Temperature 40 | 18 57 8 Received Heat Transfer 144 | . 144 . Siege Activations . | . . . Robots Corrupted . | . . . Combat Hostiles . | . . . Parts Fried . | . . . Impact Corruptions . | . . . Robots Melted . | . . . Combat Hostiles . | . . . Parts Melted . | . . . Heat Transferred 350 | 100 250 . Parts Sabotaged . | . . . Parts Stolen . | . . . Parts Stripped . | . . . Power Chain Reactions . | . . . Alert | -11 -10 -10 ------- Run | Yrd Mat Min Peak Influence 306 | 10 306 178 Initial 91 | . 6 91 Average 171 | 4 188 171 Maximum Alert Level 1 | . 1 . Low Security (%) 70 | 100 61 100 Level 1 29 | . 38 . Level 2 . | . . . Level 3 . | . . . Level 4 . | . . . Level 5 . | . . . High Security . | . . . Max Security . | . . . Squads Dispatched 2 | . 2 . Investigation 2 | . 2 . Extermination . | . . . Reinforcement . | . . . Assault . | . . . Garrison . | . . . Intercept . | . . . Searches Triggered . | . . . Construction Impeded . | . . . Haulers Reinforced . | . . . Active Scanning Responses . | . . . Cargo Convoy Interrupts . | . . . Stealth | -11 -10 -10 --------- Run | Yrd Mat Min Distress Signals 1 | . 1 . Communications Jammed . | . . . Distress Signals . | . . . Times Spotted 27 | . 23 4 Peak Tracking Total 5 | . 5 3 Tactical Retreats 1 | . 1 . Traps | -11 -10 -10 ------- Run | Yrd Mat Min Traps Triggered 2 | . 2 . Indirectly . | . . . Trap Hack Attempts . | . . . Triggered . | . . . Disarmed . | . . . Reprogrammed . | . . . Reused . | . . . Traps Extracted . | . . . Installed . | . . . Triggered . | . . . Machines | -11 -10 -10 ---------- Run | Yrd Mat Min Machines Disabled . | . . . Max in Single Turn . | . . . Machines Repaired . | . . . Machines Dismantled . | . . . Machines Sabotaged . | . . . Overloaded Fab Kills . | . . . Hacking | -11 -10 -10 --------- Run | Yrd Mat Min Machines Accessed 9 | . 9 . Terminals 6 | . 6 . Fabricators . | . . . Repair Stations 1 | . 1 . Recycling Units 2 | . 2 . Scanalyzers . | . . . Garrison Access . | . . . Total Hacks 26 | . 26 . Successful 9 | . 9 . Failed 16 | . 16 . Catastrophic 3 | . 3 . Database Lockouts 1 | . 1 . Manual 18 | . 18 . Terminals 19 | . 19 . Fabricators . | . . . Repair Stations 3 | . 3 . Recycling Units 4 | . 4 . Scanalyzers . | . . . Garrison Access . | . . . Terminal Hacks 4 | . 4 . Part Schematic 1 | . 1 . Robot Analysis 1 | . 1 . Locate Traps 2 | . 2 . Fabricator Hacks . | . . . Repair Station Hacks 2 | . 2 . Scan Component 1 | . 1 . Repair 1 | . 1 . Recycling Unit Hacks 2 | . 2 . Retrieve Components 2 | . 2 . Scanalyzer . | . . . Garrison Access Hacks . | . . . Unauthorized Hacks 1 | . 1 . Terminals . | . . . Fabricators . | . . . Repair Stations . | . . . Recycling Units 1 | . 1 . Tunnel 1 | . 1 . Scanalyzers . | . . . Garrison Access . | . . . Data Cores Recovered . | . . . Used . | . . . Hacking Detections 7 | . 7 . Full Trace Events 3 | . 3 . Feedback Events . | . . . Feedback Blocked . | . . . Robot Schematics Acquired . | . . . Robots Built . | . . . Authchips . | . . . Time . | . . . Total Robot Build Rating . | . . . Part Schematics Acquired 1 | . 1 . Parts Built . | . . . Authchips . | . . . Time . | . . . Total Part Build Rating . | . . . Parts Repaired 1 | . 1 . Time 26 | . 26 . Parts Recycled . | . . . Recycled Matter . | . . . Retrieved Matter . | . . . Retrieved Components 10 | . 10 . Parts Scanalyzed . | . . . Part Schematics Acquired . | . . . Parts Damaged . | . . . Bothacking | -11 -10 -10 ------------ Run | Yrd Mat Min Used RIF Installer . | . . . Robots Hacked . | . . . Non-combat . | . . . Combat . | . . . Robot Hacks Applied . | . . . Relay Couplers Released . | . . . Fabnet Peak Effective % . | . . . Robots Rewired . | . . . Allies Hacked . | . . . Hacks Repelled . | . . . Allies | -11 -10 -10 -------- Run | Yrd Mat Min Total Allies . | . . . Largest Group . | . . . Highest-Rated Group . | . . . Highest-Rated Ally . | . . . Total Orders . | . . . Ally Attacks . | . . . Total Damage . | . . . Kills . | . . . Allies Corrupted . | . . . Allies Melted . | . . . Intel | -11 -10 -10 ------- Run | Yrd Mat Min Robot Analysis Total 1 | . 1 . Derelict Logs Recovered . | . . . Drone Launches . | . . . Drone Recoveries . | . . . Exploration | -11 -10 -10 ------------- Run | Yrd Mat Min Turns Passed 1559 | 127 1197 235 Spaces Moved 705 | 56 630 19 Core 6 | 6 . . Treads 699 | 50 630 19 Legs . | . . . Wheels . | . . . Hover . | . . . Flight . | . . . Fastest Speed 50 | 50 160 160 Average Speed 159 | 150 160 160 Slowest Speed 160 | 160 160 160 Overloaded Moves . | . . . Propulsion Burnouts . | . . . Robots Hopped . | . . . Cave-ins Triggered 1 | . . 1 Exploration Rate (%) 38 | 5 97 12 Regions Visited 2 Branch Regions 1 Pre-discovered Areas 1 | . 1 . Known Exits Taken . | . . . Unknown Exits Taken 2 | 1 1 . Scrap Searched . | . . . Spaces Dug 17 | . . 17 Terrain Destroyed 81 | . 54 27 Melee . | . . . Projectile 3 | . . 3 AOE 78 | . 54 24 Terrain Rammed . | . . . Walls Destroyed . | . . . Machines Disabled . | . . . Actions | -11 -10 -10 --------- Run | Yrd Mat Min Total 1063 | 83 771 209 Wait 239 | 8 54 177 Move 703 | 55 629 19 Hop . | . . . Pick Up 27 | 7 20 . Fast Attach 8 | 6 2 . Attach 1 | . . 1 Detach . | . . . Swap 21 | . 17 4 Drop 17 | . 17 . Fire 47 | 7 32 8 Melee . | . . . Ram . | . . . Kick . | . . . Crush . | . . . Escape Stasis . | . . . Rewire . | . . . Trap . | . . . Miscellaneous . | . . . Route ------- -11/Scrapyard -10/Materials (discovered 5 exits: [*Mat x3] / [*Min x2]) -10/Mines History --------- Turn | Location | Event 2 | -11/Scrapyard | Met Revision 17 66 | -11/Scrapyard | Discovered new exit (range 16) 128 | -11/Scrapyard | Entered Materials 300 | -10/Materials | Build established: Mutant 356 | -10/Materials | Repaired Lgt. Treads 442 | -10/Materials | Discovered new exit (range 11) 606 | -10/Materials | Discovered new exit (range 16) 611 | -10/Materials | Central database locked down 659 | -10/Materials | Discovered new exit (range 10) 692 | -10/Materials | Destroyed 7 combat bots 692 | -10/Materials | Discovered new exit (range 15) 728 | -10/Materials | Derelicts attacked the area 827 | -10/Materials | Discovered new exit (range 13) 1325 | -10/Materials | Entered Mines 1358 | -10/Mines | Assembled infested the area 1363 | -10/Mines | Assisted by a Guerilla fighting off Assembled 1557 | -10/Mines | Crushed by falling debris 1557 | -10/Mines | Core integrity fell below 50% 1557 | -10/Mines | Core integrity fell below 20% 1560 | -10/Mines | Destroyed by as-78230 with Assembled Rifle Last Messages --------------- 01340_ The unstable cave ceiling collapses. 01340_ Destroyed Lgt. Assault Rifle. 01342_ S-10 Pest destroyed. 01358_ ALERT: Infestation in the mines, dispatching Demolisher response squad. 01361_ U-05 Engineer lays Concrete. 01363_ A derelict emerges from the shadows: "You need to get out of here! I've been tracking a group of Assembled to figure out where they're coming from, and they're closing on this area, come on!" 01363_ U-05 Engineer lays Concrete. 01367_ U-05 Engineer builds a Wall. 01368_ U-05 Engineer lays Concrete. 01375_ U-05 Engineer builds a Wall. 01383_ R-06 Scavenger collects Lgt. Assault Rifle. 01557_ The unstable cave ceiling collapses. 01557_ Crushed by falling debris. 01557_ Lgt. EM Pulse Cannon destroyed. 01557_ System corrupted by crushing effect (+2). 01557_ Ion Engine destroyed. 01557_ System corrupted by crushing effect (+5). Map ----- +----------------------------------------------------+ | | | ?????????????????????????????????????? | | ?????????????????????????????????????? | | ?????????????????????????????????????? | | ??????????????????????????####???????? | | ?????????????????????????? #????##?? | | ?????????????????????????? #???# #? | | ??????????????????????????# #??# #? | | ??????????????????????????# #?# #? | | ??????????????????????????# #? #? | | ??????????????????????##### ## #?? | | ?????????????????????## # #??? | | ?????????????????????# ##?? | | ????????????????????## #?? | | ????????????????????# #?? | | ??????????# ######## #?? | | ???????? ##? | | ???????? #? | | ??????????????# ####### #? | | ??????????????????????## #?? | | ???????????????????????# ##?? | | ???????????????????????## ### ##??? | | ????????????????????????###### #???? | | ???????????????????????????# ##???? | | ????????????????????????#### ##??? | | ????????????????????????#@## * ##?? | | ????????????????????????## # [ #?? | | ?????????????????????????##a ##?? | | ??????????????????????????# #?? | | ??????????????????????????## % #?? | | ???????????????????????????# # #?? | | ???????????????????????????# #####?? | | ??????????????????????????? ###????? | | ?????????????????????????? #??????? | | ??????????????????????????# #??????? | | ??????????????????????????# #??????? | | ??????????????????????????## #??????? | | ???????????????????????????# ##??????? | | ???????????????????????????# ????????? | | ???????????????????????????# ????????? | | ??????????????????????????? ????????? | | ???????????????????????????##????????? | | ?????????????????????????????????????? | | ?????????????????????????????????????? | | ?????????????????????????????????????? | | ?????????????????????????????????????? | | ?????????????????????????????????????? | | ?????????????????????????????????????? | | ?????????????????????????????????????? | | ?????????????????????????????????????? | +----------------------------------------------------+ Best States ------------- Heat Dissipation 39 Energy Generation 10 Energy Capacity 250 Matter Stores 300 Matter Capacity 300 Sight Range 16 Terrain Scan Density 10 Evasion (%) 40 Recoil Reduction 2 Item Schematics ----------------- Huge Storage Unit | -10/Materials | Hacked Robot Schematics ------------------ None Fabricated ------------ Nothing Alien Tech Used ----------------- None Achievements -------------- None Challenges ------------ None Game ------ Seed BottomlessGaussHumpback Manual? 0 Play Time 00:11:25 Cumulative 175.3 hours Start 2024.11.02 @ 02:06:09 End 2024.11.02 @ 02:16:05 Sessions 1 Manual Loads 0 Difficulty Rogue Special Mode None Game No. 43 Rogue 42 Adventurer 1 Explorer 0 Win Type - Total 14 Types 4/3/4/0/0/0/3/0/0 Lore% 45 Gallery% 71 Achievement% 66 Wizard Run 0 Options --------- Layout 0 ASCII 0 Keyboard 0 Movement Mouse Keybinds 0 Fullscreen 1 Font 18/Terminus Map View 76x50 Zoom Use 0% Tactical HUD 1 Map Filters NONE Filters NONE Steam 0 RUN: 28b0d546-256d-4349-b087-35b23a531e5b